 Dungeon Crawl Stone Soup version 0.31-a0-844-gdc52ec4e09 (webtiles) character file.

Game seed: 10267969095303022796

42 arglypuff the Poker (level 3, 24/30 HPs)
             Began as a Merfolk Berserker on Sept 30, 2023.
             Was a Follower of Trog.
             Quit the game on level 2 of the Dungeon.
             The game lasted 00:01:46 (1181 turns).

arglypuff the Poker (Merfolk Berserker)             Turns: 1181, Time: 00:01:47

Health: 24/30      AC:  3    Str: 19    XL:     3   Next: 54%
Magic:  3/3        EV: 13    Int:  6    God:    Trog [*.....]
Gold:   72         SH:  0    Dex: 13    Spells: 2/2 levels left

rFire   . . .        a - +0 spear
rCold   . . .        (no shield)
rNeg    . . .        b - +0 animal skin
rPois   .            (no helmet)
rElec   .            f - +0 cloak
rCorr   .            (no gloves)
SInv    .            (no boots)
Will    .....        (no amulet)
Stlth   +            (no ring)
HPRegen 0.25/turn    (no ring)
MPRegen 0.08/turn

%: no passive effects
@: no status effects
A: (nimble swimmer 2), mertail
a: Renounce Religion, Berserk


You were on level 2 of the Dungeon.
You worshipped Trog.
Trog was aware of your devotion.
You visited 1 branch of the dungeon, and saw 2 of its levels.

You collected 72 gold pieces.

Inventory:

Hand Weapons
 a - a +0 spear (weapon)
Armour
 b - a +0 animal skin (worn)
 f - a +0 cloak (worn)
Wands
 k - a wand of polymorph (12)
Scrolls
 d - a scroll of enchant armour {unknown}
 e - a scroll of teleportation {unknown}
 h - a scroll of poison {unknown}
 i - 3 scrolls of fog {unknown}
 l - 3 scrolls of identify {unknown}
 m - a scroll of enchant weapon {unknown}
 n - a scroll of immolation {unknown}
Potions
 c - a potion of magic {unknown}
 g - a potion of attraction {unknown}
 j - a potion of lignification {unknown}


   Skills:
 + Level 4.1 Fighting
 + Level 4.4 Polearms
 + Level 1.4 Armour
 + Level 3.5 Dodging
 + Level 0.2 Stealth


You had 2 spell levels left.
You didn't know any spells.
Your spell library was empty.

Dungeon Overview and Level Annotations

Branches:
Dungeon (2/15)

Altars:


Innate Abilities, Weirdness & Mutations

((You are very nimble when in or above water. (Stealth+, EV+, Speed+++)))
Your lower body shifts to a powerful aquatic tail in water.


Message History

You barely miss the adder.
The adder is almost dead.
You feel sick. The adder bites you but does no damage.
You closely miss the adder.
The adder is almost dead.
You feel sick. The adder closely misses you.
You barely miss the adder.
The adder is almost dead.
The adder bites you.
An adder is nearby!
You closely miss the adder.
The adder is severely wounded.
You feel sick. The adder misses you. x2
An adder is nearby!
You closely miss the adder.
The adder is severely wounded.
You feel sick.
You are no longer poisoned.
The adder bites you.
You hit the adder.
The adder is severely wounded.
The adder misses you.
You closely miss the adder.
The adder is severely wounded.
The adder barely misses you.
You hit the adder.
You kill the adder!
Trog accepts your kill.
Your Fighting skill increases to level 4!
A bat comes into view.
A bat is nearby!
A bat is nearby!
You barely miss the bat. The bat hits you but does no damage. x2
The bat misses you.
You miss the bat. The bat barely misses you. The bat closely misses you.
You hit the bat.
You kill the bat!
Trog accepts your kill.
No target in view!
Are you sure you want to abandon this character and quit the game? (Confirm with "yes".)

..# #.# ..#.# #.#
#.#..## #[... #.#
....... ....... #.#
.....#. #.....# #.#
......# #.....# #.#
.......
#.....###.######......#
#..............@.....#
#...............$......
##.........############.
##>.............
##.....#########
###...#### # #......# #
#......# ♣♣♣♣♣♣ ♣♣♣♣♣♣
###......#
♣♣♣....♣♣♣♣♣♣♣....♣


There were no monsters in sight!

Vanquished Creatures
  An adder (D:2)
  A dart slug (D:2)
  2 bats
  A giant cockroach (D:1)
  A goblin (D:2)
  3 hobgoblins
  6 jackals
  4 kobolds
  A quokka (D:1)
  5 ball pythons
  3 rats
28 creatures vanquished.

Notes
Turn   | Place    | Note
-------+----------+-------------------------------------------
     0 | D:1      | arglypuff the Merfolk Berserker began the quest for the
                  | Orb.
     0 | D:1      | Reached XP level 1. HP: 18/18 MP: 1/1
    59 | D:1      | Reached XP level 2. HP: 9/24 MP: 2/2
   708 | D:2      | Reached XP level 3. HP: 23/30 MP: 3/3
  1181 | D:2      | Quit the game

Illustrated notes

Levels and vault maps discovered:
D:1:      wander_arrival_estate, layout_rooms, serial_bayou_pond_c,
          hangedman_decor_growths
D:2:      kb_forest_paths, layout_basic, basic_altar,
          hangedman_abyss_or_decor_lesser_grid

Skill      XL: |  1  2  3 |
---------------+----------+-----
Dodging        | 3 |  3.5
Fighting       | 4 |  4.1
Polearms       | |  4.4
Armour         | |  1.4
Stealth        | |  0.2

Action                     || total
---------------------------++-------
  Melee: Spear             ||   103
         Punch             ||     1
         Tailslap          ||     1
 Invoke: Berserk           ||     1
   Stab: Sleeping          ||     2
 Armour: Animal skin       ||    58
  Dodge: Dodged            ||    88

Table legend: (Time is in decaauts)
 A = Elapsed time spent in this place.
 B = Non-inter-level travel time spent in this place.
 C = Inter-level travel time spent in this place.
 D = Time resting spent in this place.
 E = Time spent auto-exploring this place.
 F = Levels seen in this place.
 G = Mean time per level.
                   A        B        C        D        E       F      G
               +--------+--------+--------+--------+--------+-----+--------+
         Total |   1176 |   1164 |     12 |      1 |    920 |   2 |  588.0 |
       Dungeon |   1176 |   1164 |     12 |      1 |    920 |   2 |  588.0 |
               +--------+--------+--------+--------+--------+-----+--------+

Top non-repeatable levels by time:
     D:2: 600 daAuts
     D:1: 576 daAuts
